 Dungeon Crawl Stone Soup version 0.31-a0-1589-g8f5e8aebd6 (webtiles) character file.

Game seed: 17813316325341646506

718 Atlas the Ruffian (level 7, -3/56 HPs)
             Began as a Red Draconian Shapeshifter on Jan 6, 2024.
             Slain by a killer bee (6 damage)
             ... on level 5 of the Dungeon.
             The game lasted 00:03:49 (3756 turns).

Atlas the Ruffian (Red Draconian Shapeshifter)      Turns: 3756, Time: 00:03:50

Health: -3/56      AC:  2    Str: 18    XL:     7   Next: 42%
Magic:  0/7        EV: 13    Int: 10    God:
Gold:   189        SH:  0    Dex: 17    Spells: 6/6 levels left

rFire   + .          .
                       - Unarmed
rCold   . . .        (no shield)
rNeg    . . .        (body armour unavailable)
rPois   .            (helmet currently unavailable)
rElec   .            (cloak currently unavailable)
rCorr   .            (gloves currently unavailable)
SInv    .            (boots currently unavailable)
Will    +....        o - amulet of guardian spirit
Stlth   ++           g - +6 ring of dexterity
HPRegen 0.29/turn    (no ring)
MPRegen 0.10/turn

%: guardian spirit
@: lethally poisoned (-3 -> -13), about to teleport, beast-form, corroded,
enlightened, flying
A: beast (slay +2), breathe fire, AC +6, unfitting armour, fire resistance 1,
cold-blooded
a: Breathe Fire, Begin Untransformation


You were on level 5 of the Dungeon.
You were a hulking beast.
You visited 1 branch of the dungeon, and saw 5 of its levels.

You collected 189 gold pieces.

Inventory:

Missiles
 q - a throwing net
Jewellery
 g - a +6 ring of dexterity (left hand)
 o - an amulet of guardian spirit (around neck)
Talismans
 b - a beast talisman
 c - a flux talisman
Scrolls
 d - 2 scrolls of enchant weapon
 f - 3 scrolls of blinking {unknown}
 k - a scroll of vulnerability {unknown}
 m - a scroll of teleportation
 n - a scroll of fog {unknown}
Potions
 a - a potion of lignification
 e - a potion of berserk rage {unknown}
 i - 2 potions of enlightenment
 j - 2 potions of degeneration {unknown}
 l - a potion of haste {unknown}
 p - a potion of mutation {unknown}
 r - 2 potions of magic {unknown}


   Skills:
 + Level 2.3 Fighting
 + Level 2.9 Dodging
 + Level 1.9 Stealth
 + Level 6.3 Unarmed Combat
 * Level 5.0 Shapeshifting


You had 6 spell levels left.
You didn't know any spells.
Your spell library contained the following spells:

 Spells                   Type           Power      Damage    Failure   Level
 Sandblast                Erth           0%         2d4       36%         1
 Sting                    Conj/Alch      0%         1d3       36%         1
 Blink                    Tloc           0%         N/A       50%         2
 Lesser Beckoning         Tloc           0%         N/A       50%         2
 Mercury Vapours          Alch/Air       0%         N/A       50%         2
 Momentum Strike          Conj/Tloc      0%         3d8       50%         2
 Passwall                 Erth           0%         N/A       75%         3
 Stone Arrow              Conj/Erth      0%         3d7       75%         3
 Brom's Barrelling Bould  Conj/Erth      0%         2d3       98%         4
 Olgreb's Toxic Radiance  Alch           0%         N/A       98%         4


Dungeon Overview and Level Annotations

Branches:
Dungeon (5/15)
 Temple: D:4-7

Altars:
Nemelex Xobeh
Okawaru
Vehumet
Wu Jian


Innate Abilities, Weirdness & Mutations

You are a hulking beast.
Your limbs bulge with bestial killing power. (Slay +2)
You can breathe blasts of fire.
Your fiery red scales are hard. (AC +6)
You cannot fit into any form of body armour.
Your flesh is heat resistant. (rF+)
You are cold-blooded and may be slowed by cold attacks.


Message History

The killer bee poisons you!
The killer bee completely misses you. x2
As you read the scroll of teleportation, it crumbles to dust.
You feel strangely unstable.
You feel very sick. The killer bee closely misses you.
The killer bee barely misses you. The killer bee closely misses you.
The killer bee barely misses you. The killer bee closely misses you.
Unknown command.
It was a potion of curing.
You feel better. The killer bee misses you. x2
The killer bee stings you but does no damage.
The killer bee stings you.
You are poisoned.
The killer bee poisons you! The killer bee stings you! x2
The killer bee completely misses you.
You feel better. The killer bee misses you.
The killer bee completely misses you.
The killer bee stings you but does no damage.
The killer bee stings you. The killer bee barely misses you. x2
The killer bee stings you.
You are poisoned.
The killer bee poisons you! The killer bee stings you.
* * * LOW HITPOINT WARNING * * *
You are lethally poisoned!
The killer bee poisons you!
It was a potion of enlightenment.
You feel very buoyant.
You fly up into the air.
* * * LOW HITPOINT WARNING * * *
You feel very sick. The killer bee stings you.
* * * LOW HITPOINT WARNING * * *
The killer bee closely misses you. The killer bee completely misses you.
The killer bee stings you but does no damage.
The killer bee stings you.
* * * LOW HITPOINT WARNING * * *
The killer bee stings you but does no damage.
The killer bee stings you.
* * * LOW HITPOINT WARNING * * *
The killer bee stings you.
You die...

#.. #..#
#..###..##
.........#
.........#
.........#
.....!.<.# #
#..###..## ...
#..###.y##.....
..$....hyy.....
.......yy......
#..###..##...##
#. #..# ...# .
..<. ...# .....
..+ #?### +##
#+


You could see 5 killer bees.

Vanquished Creatures
  An ogre (D:4)
  A phantom (D:4)
  A bullfrog (D:4)
  2 scorpions (D:4)
  A hound (D:4)
  A jelly (D:5)
  6 orc wizards (D:4)
  Robin (D:3)
  4 gnolls (D:4)
  3 adders
  4 dart slugs
  A ribbon worm (D:2)
  6 orcs
  3 ball pythons
  10 bats
  10 endoplasms
  3 giant cockroaches
  14 goblins
  8 hobgoblins
  3 quokkas
  A frilled lizard (D:2)
  6 kobolds
  6 rats
96 creatures vanquished.

Notes
Turn   | Place    | Note
-------+----------+-------------------------------------------
     0 | D:1      | Atlas the Draconian Shapeshifter began the quest for the
                  | Orb.
     0 | D:1      | Reached XP level 1. HP: 16/16 MP: 1/1
   110 | D:1      | Reached XP level 2. HP: 11/23 MP: 2/2
   970 | D:2      | Reached XP level 3. HP: 28/28 MP: 3/3
  1960 | D:3      | Reached skill level 4 in Unarmed Combat
  2149 | D:3      | Reached XP level 4. HP: 35/35 MP: 4/4
  2166 | D:3      | Noticed Robin
  2190 | D:3      | Killed Robin
  2566 | D:4      | Noticed an ogre
  2570 | D:4      | Noticed a scorpion
  2573 | D:4      | Noticed a bullfrog
  2584 | D:4      | Found an ornate altar of the Wu Jian Council.
  2712 | D:4      | Noticed a scorpion
  2722 | D:4      | Killed a scorpion
  2723 | D:4      | Reached XP level 5. HP: 33/40 MP: 2/5
  2971 | D:4      | Noticed a phantom
  2989 | D:4      | Killed a phantom
  2990 | D:4      | Reached skill level 1 in Stealth
  2990 | D:4      | Reached skill level 5 in Unarmed Combat
  2990 | D:4      | Reached XP level 6. HP: 41/48 MP: 4/6
  3070 | D:4      | Found a sparkling altar of Nemelex Xobeh.
  3070 | D:4      | Found an iron altar of Okawaru.
  3207 | D:4      | Found a radiant altar of Vehumet.
  3221 | D:4      | Your scales start taking on a fiery red colour.
  3221 | D:4      | Reached XP level 7. HP: 54/55 MP: 7/7
  3221 | D:4      | Gained mutation: Your flesh is heat resistant. (rF+) [Red
                  | Draconian growth]
  3316 | D:4      | Reached skill level 6 in Unarmed Combat
  3465 | D:4      | Reached skill level 5 in Shapeshifting
  3744 | D:5      | Entered Level 5 of the Dungeon
  3756 | D:5      | Slain by a killer bee

Illustrated notes

Levels and vault maps discovered:
D:1:      evilmike_arrival_rings, layout_loops_ring
D:2:      layout_basic
D:3:      layout_loops_corners, uniq_robin
D:4:      layout_loops_ring, mainiacjoe_overflow_catwalk_spiral,
          amethyst_overflow_temple_binary, st_stairs_12
D:5:      layout_gridville, mainiacjoe_overflow_boulevard, temple_pool_b,
          nicolae_ossuary_entry_false_entrances, chequers_serial_rivers_large_a,
          uniq_blork_the_orc

Skill      XL: |  1  2  3  4  5  6  7 |
---------------+----------------------+-----
Unarmed Combat | 4 5 6 |  6.3
Dodging        | 2 |  2.9
Shapeshifting  | 4 5 |  5.0
Stealth        | 1 |  1.9
Fighting       | 2 |  2.3

Action                     |  1- 3 |  4- 6 |  7- 9 || total
---------------------------+-------+-------+-------++-------
  Melee: Unarmed           |   100 |   136 |    14 ||   250
         Tailslap          |     9 |    16 |     3 ||    28
         Punch             |     1 |     5 |     1 ||     7
Ability: Breathe Fire      |       |       |     1 ||     1
    Use: Scroll            |       |     2 |     1 ||     3
         Potion            |       |       |     3 ||     3
   Stab: Sleeping          |     1 |     3 |       ||     4
         Distracted        |       |     1 |       ||     1
 Armour: Skin              |    54 |    73 |    20 ||   147
  Dodge: Dodged            |    55 |    61 |    27 ||   143

Table legend: (Time is in decaauts)
 A = Elapsed time spent in this place.
 B = Non-inter-level travel time spent in this place.
 C = Inter-level travel time spent in this place.
 D = Time resting spent in this place.
 E = Time spent auto-exploring this place.
 F = Levels seen in this place.
 G = Mean time per level.
                   A        B        C        D        E       F      G
               +--------+--------+--------+--------+--------+-----+--------+
         Total |   3746 |   3636 |    110 |     71 |   2977 |   5 |  749.2 |
       Dungeon |   3746 |   3636 |    110 |     71 |   2977 |   5 |  749.2 |
               +--------+--------+--------+--------+--------+-----+--------+

Top non-repeatable levels by time:
     D:4: 1168 daAuts
     D:3: 874 daAuts
     D:1: 853 daAuts
     D:2: 838 daAuts
     D:5: 11 daAuts
